 Dungeon Crawl Stone Soup version 0.24.0-41-g2ae2f7f1be (webtiles) character file.

Game seed: 3386983207601667271, levelgen mode: deterministic

28 Baz the Caller (level 2, 0/15 HPs)
             Began as a Deep Elf Summoner on Dec 9, 2019.
             Slain by a hobgoblin
             ... wielding a +0 club
              (4 damage)
             ... on level 2 of the Dungeon.
             The game lasted 00:03:23 (1682 turns).

Baz the Caller (Deep Elf Summoner)                  Turns: 1682, Time: 00:03:24

Health: 0/15       AC:  3    Str:  5    XL:     2   Next: 96%
Magic:  3/8        EV: 13    Int: 19    God:
Gold:   67         SH:  0    Dex: 15    Spells: 5/8 levels left

rFire    . . .     SeeInvis .   g - +2 dagger (elec)
rCold    . . .     Gourm    .   (no shield)
rNeg     . . .     Faith    .   a - +0 robe
rPois    .         Spirit   .   (no helmet)
rElec    .         Reflect  .   (no cloak)
rCorr    .         Harm     .   d - +0 pair of gloves
MR       .....                  (no boots)
Stlth    ++........             (no amulet)
HPRegen  0.05/turn              (no ring)
MPRegen  0.11/turn              (no ring)

@: lethally poisoned (0 -> -3)
A: no striking features
a: no special abilities


You were on level 2 of the Dungeon.
You were hungry.

You visited 1 branch of the dungeon, and saw 2 of its levels.

You collected 67 gold pieces.

Inventory:

Hand Weapons
 e - a +0 spear
 g - a +2 dagger of electrocution (weapon)
Missiles
 m - 6 poisoned darts (quivered)
Armour
 a - a +0 robe (worn)
 d - a +0 pair of gloves (worn)
Jewellery
 l - a cursed -2 ring of strength {unknown}
Scrolls
 f - a scroll of magic mapping {unknown}
 i - a scroll of identify {unknown}
 n - a scroll of amnesia {unknown}
Potions
 b - a potion of curing {unknown}
 h - a potion of invisibility {unknown}
 j - a potion of haste {unknown}
 k - a potion of agility {unknown}
Comestibles
 c - 2 rations


   Skills:
 - Level 2.4 Dodging
 + Level 3.3 Stealth
 + Level 3.6 Spellcasting
 + Level 4.7 Summonings


You had 5 spell levels left.
You knew the following spells:

 Your Spells              Type           Power        Failure   Level  Hunger
a - Summon Small Mammal   Summ           ###.         1%          1    None
b - Call Imp              Summ           ###.....     3%          2    ##.....

Your spell library contained the following spells:

 Spells                   Type           Power        Failure   Level  Hunger
 Call Canine Familiar     Summ           ###.....     6%          3    ###....
 Summon Guardian Golem    Hex/Summ       ##......     16%         3    ###....
 Summon Ice Beast         Ice/Summ       ##......     47%         4    ####...
 Summon Lightning Spire   Summ/Air       ##......     47%         4    ####...


Dungeon Overview and Level Annotations

Branches:
Dungeon (2/15)

Altars:
Trog


Message History

Your crimson imp blinks!
Your crimson imp blinks!
Casting: Call Imp (safe; 3% risk of failure)
Confirm with . or Enter, or press ? or * to list all spells.
A beastly little devil appears in a puff of flame.
The adder closely misses you.
You barely miss the adder.
The adder is almost dead.
The adder bites you.
You are poisoned.
The adder poisons you!
Your crimson imp closely misses the hobgoblin.
You hit the adder but do no damage.
The adder is almost dead.
You feel sick.
Your crimson imp disappears in a puff of smoke!
The adder bites you.
* * * LOW HITPOINT WARNING * * *
The hobgoblin hits you with a +0 club.
You die...

......###### .......
......#....# #.#
....... ......#.##5#
#.###.......
+#'####.##[#
#.#......... .#.#
#.##.# #.#5#######.
.#.# #.##.#.#.#.#
.#.# #.##.#.#5#5#####
##.# #.##.#...gS§...#
#.####5##.###.#@###.#
#......##.......).#.#
##############.####.#
#.# #.# #.# #5# #†#
#.# #.# #.# #.# #.#
#.####.#


You could see an adder, a hobgoblin and 3 friendly crimson imps.

Vanquished Creatures
  A dart slug (D:1)
  2 goblins (D:1)
  2 hobgoblins
  3 kobolds (D:1)
  2 bats (D:1)
  A frilled lizard (D:2)
  4 rats
15 creatures vanquished.

Vanquished Creatures (collateral kills)
  A dart slug (D:2)
  A leopard gecko (D:1)
  A bat (D:1)
  4 goblins (D:1)
  3 hobgoblins
  A ball python (D:1)
  A frilled lizard (D:1)
  A rat (D:1)
13 creatures vanquished.

Grand Total: 28 creatures vanquished

Notes
Turn   | Place    | Note
-------+----------+-------------------------------------------
     0 | D:1      | Baz the Deep Elf Summoner began the quest for the Orb.
     0 | D:1      | Reached XP level 1. HP: 10/10 MP: 6/6
   142 | D:1      | You fall into a shaft and drop 1 floor!
   199 | D:2      | Found a bloodstained altar of Trog.
   652 | D:1      | Reached XP level 2. HP: 11/15 MP: 8/8
   727 | D:1      | Learned a level 2 spell: Call Imp
  1682 | D:2      | Slain by a hobgoblin

Levels and vault maps discovered:
D:1:      dpeg_arrival_arbitrary_c, layout_basic, serial_curves, eino_curves_01,
          eino_curves_01, minmay_pentomino_t2
D:2:      layout_basic, bloody_trog, uniq_terence

Skill      XL: |  1  2 |
---------------+-------+-----
Stealth        | 3 |  3.3
Dodging        | |  2.4
Spellcasting   | |  3.6
Summonings     | |  4.7

Action                   || total
-------------------------++-------
Melee: Spear             ||    19
       Unarmed           ||     1
       Dagger            ||    36
 Cast: Summon Small Mamm ||    19
       Call Imp          ||     7
 Stab: Distracted        ||     1
       Sleeping          ||     4
  Eat: Chunk             ||     2
Armor: Robe              ||     8
Dodge: Dodged            ||    25
